 Dungeon Crawl Stone Soup version 0.31-a0-152-g6aa68a64a1 (webtiles) character file.

Game seed: 3885190632902165360

523660 gruber the Lord of Darkness (level 24, 199/199 HPs)
             Began as a Demonspawn Ice Elementalist on May 6, 2023.
             Was the Champion of Kikubaaqudgha.
             Quit the game on level 3 of the Elven Halls on June 10, 2023.
             The game lasted 03:37:19 (75725 turns).

gruber the Lord of Darkness (DsIE)                 Turns: 75725, Time: 03:37:19

Health: 199/199    AC: 18    Str: 15    XL:     24   Next: 73%
Magic:  41/41      EV: 28    Int: 37    God:    Kikubaaqudgha [******]
Gold:   3344       SH: 23    Dex: 28    Spells: 16/61 levels left

rFire   + + +        N - staff of cold "Ebe Paqo" {rPois rC+ rN+ Int+5}
rCold   + . .        V - +2 kite shield {AC+3}
rNeg    + . .        F - +2 troll leather armour
rPois   +            (helmet unavailable)
rElec   .            j - -1 cloak of Jubaas {Int+4}
rCorr   .            U - +2 pair of gloves {Str+3}
SInv    +            q - +1 pair of boots
Will    ++...        O - amulet of Vekhidio {Reflect rF+ Dex+6 SH+5}
Stlth   ++           i - ring of Seeren {rF+ Str+3 Dex+3 Slay+4}
HPRegen 1.33/turn    n - ring of Totop {rF+ Will+ Int+2 Dex+3 SInv}
MPRegen 0.27/turn

%: repel missiles, reflection
@: studying Ranged Weapons
A: horns 3, repulsion field 3, foul stench 3, powered by pain 3, low MP 1
}: 2/15 runes: decaying, serpentine
a: Renounce Religion, Unearth Wretches, Torment


You were on level 3 of the Elven Halls.
You worshipped Kikubaaqudgha.
Kikubaaqudgha was exalted by your worship.
You visited 11 branches of the dungeon, and saw 50 of its levels.
You visited the Abyss 1 time.
You visited 1 bazaar.
You also visited: Volcano and Desolation.

You collected 7007 gold pieces.
You spent 3663 gold pieces at shops.

Inventory:

Hand Weapons
 f - the +9 mace "Mutig" {drain, rElec rF+ rC- Will++}
   (You bought it in a shop on level 2 of the Orcish Mines)

   rF:        It protects you from fire.
   rC:        It makes you vulnerable to cold.
   rElec:     It insulates you from electricity.
   Will:      It greatly increases your willpower.
 L - the +7 captain's cutlass {speed, disarm}
   (You took it off a deep elf annihilator on level 3 of the Elven Halls)
Missiles
 r - 25 curare-tipped darts
 G - 4 throwing nets
Armour
 j - the -1 cloak of Jubaas (worn) {Int+4}
   (You acquired it on level 3 of the Lair of Beasts)

   Int:       It affects your intelligence (+4).
 q - a +1 pair of boots (worn)
 F - a +2 troll leather armour (worn)
 U - a +2 pair of gloves of strength (worn)
 V - a +2 kite shield of protection (worn)
Magical Staves
 o - the staff of death "Feing" {rN+ Dex+7 SInv}
   (You found it in the Desolation of Salt)

   [staff of death]

   Base accuracy: +5 Base damage: 5 Base attack delay: 1.2 This weapon's minimum
   attack delay (0.6) is reached at skill level 12.
   Dex:       It affects your dexterity (+7).
   rN:        It protects you from negative energy.
   SInv:      It lets you see invisible.
   It falls into the 'Staves' category.
   It is a one-handed weapon.
 N - the staff of cold "Ebe Paqo" (weapon) {rPois rC+ rN+ Int+5}
   (You found it on level 3 of the Elven Halls)

   [staff of cold]

   Base accuracy: +5 Base damage: 5 Base attack delay: 1.2 This weapon's minimum
   attack delay (0.6) is reached at skill level 12.
   Int:       It affects your intelligence (+5).
   rC:        It protects you from cold.
   rPois:     It protects you from poison.
   rN:        It protects you from negative energy.
   It falls into the 'Staves' category.
   It is a one-handed weapon.
Jewellery
 i - the ring of Seeren (left hand) {rF+ Str+3 Dex+3 Slay+4}
   (You found it in the Desolation of Salt)

   [ring of slaying]

   Str:       It affects your strength (+3).
   Dex:       It affects your dexterity (+3).
   Slay:      It affects your accuracy & damage with ranged weapons and melee
   (+4).
   rF:        It protects you from fire.
 m - a +4 ring of protection
 n - the ring of Totop (right hand) {rF+ Will+ Int+2 Dex+3 SInv}
   (You found it in the Desolation of Salt)

   [ring of willpower]

   Int:       It affects your intelligence (+2).
   Dex:       It affects your dexterity (+3).
   rF:        It protects you from fire.
   SInv:      It lets you see invisible.
   Will:      It increases your willpower.
 t - the amulet of Compulsion {Reflect rC++ SH+5}
   (You found it in the Desolation of Salt)

   [amulet of reflection]

   It reflects blocked missile attacks.
   rC:        It greatly protects you from cold.
   SH:        It affects your SH (+5).
 C - the ring of Wiciv {rF- rC+ Int+5 SInv Stlth+}
   (You took it off a deep elf blademaster on level 3 of the Elven Halls)

   [ring of protection from cold]

   Int:       It affects your intelligence (+5).
   rF:        It makes you vulnerable to fire.
   rC:        It protects you from cold.
   SInv:      It lets you see invisible.
   Stlth:     It makes you more stealthy.
 O - the amulet of Vekhidio (around neck) {Reflect rF+ Dex+6 SH+5}
   (You took it off a deep elf pyromancer on level 3 of the Elven Halls)

   [amulet of reflection]

   It reflects blocked missile attacks.
   Dex:       It affects your dexterity (+6).
   rF:        It protects you from fire.
   SH:        It affects your SH (+5).
 T - a ring of flight
 W - a ring of ice
Wands
 b - a wand of mindburst (48)
 s - a wand of digging (36)
 E - a wand of light (38)
 M - a wand of flame (25)
 R - a wand of iceblast (11)
 S - a wand of paralysis (41)
Scrolls
 a - 9 scrolls of fear
 c - 30 scrolls of teleportation
 l - 2 scrolls of summoning
 u - 4 scrolls of enchant weapon
 w - 6 scrolls of poison
 x - 4 scrolls of fog
 y - 2 scrolls of magic mapping
 z - 4 scrolls of enchant armour
 D - 11 scrolls of vulnerability
 I - 4 scrolls of blinking
 Z - a scroll of silence
Potions
 d - 13 potions of enlightenment
 e - 24 potions of curing
 g - 9 potions of heal wounds
 h - 7 potions of invisibility
 k - 9 potions of haste
 p - 7 potions of resistance
 A - 5 potions of magic
 B - 12 potions of attraction
 H - 4 potions of berserk rage
 J - 5 potions of ambrosia
 K - 4 potions of cancellation
 P - 12 potions of might
 Q - 10 potions of brilliance
 Y - 4 potions of lignification


   Skills:
 - Level 18.4 Fighting
 - Level 8.0 Staves
 - Level 13.0 Armour
 - Level 13.0 Dodging
 - Level 1.7 Stealth
 - Level 15.0 Shields
 - Level 19.3 Spellcasting
 - Level 4.1 Conjurations
 - Level 25.0 Necromancy
 - Level 13.0 Transmutations
 * Level 9.8 Ice Magic
 - Level 4.1 Air Magic
 - Level 4.0 Earth Magic


You had 16 spell levels left.
You knew the following spells:

 Your Spells              Type           Power      Damage    Failure   Level
a - Freeze                Ice            100%       1d10      1%          1
b - Frozen Ramparts       Ice            100%       1d16      1%          3
c - Ozocubu's Armour      Ice            100%       N/A       1%          3
d - Sublimation of Blood  Necr           100%       N/A       0%          2
e - Dispel Undead         Necr           100%       3d31      0%          4
f - Borgnjor's Vile Clut  Necr/Erth      48%        N/A       1%          5
g - Death Channel         Necr           60%        N/A       0%          6
h - Freezing Cloud        Conj/Ice/Air   44%        6-21      4%          5
i - Infestation           Necr           60%        N/A       1%          8
j - Necromutation         Tmut/Necr      54%        N/A       4%          8

Your spell library contained the following spells:

 Spells                   Type           Power      Damage    Failure   Level
 Beastly Appendage        Tmut           100%       N/A       0%          1
 Kiss of Death            Conj/Necr      100%       2d13      0%          1
 Necrotise                Necr           100%       1d9       0%          1
 Wereblood                Tmut           93%        N/A       0%          2
 Animate Dead             Necr           100%       N/A       0%          4
 Agony                    Necr           100%       N/A       0%          5
 Apportation              Tloc           70%        N/A       1%          1
 Magic Dart               Conj           100%       1d8       1%          1
 Shock                    Conj/Air       100%       1d9       1%          1
 Sting                    Tmut/Pois      100%       1d8       1%          1
 Summon Small Mammal      Summ           100%       N/A       1%          1
 Cigotuvi's Dreadful Rot  Necr/Pois/Air  100%       N/A       1%          2
 Momentum Strike          Conj/Tloc      100%       3d10      1%          2
 Passwall                 Tmut/Erth      65%        N/A       1%          2
 Poisonous Vapours        Pois/Air       100%       N/A       1%          2
 Searing Ray              Conj           100%       2d8       1%          2
 Static Discharge         Conj/Air       100%       2-7/arc   1%          2
 Mephitic Cloud           Conj/Pois/Air  54%        N/A       1%          3
 Spider Form              Tmut/Pois      71%        N/A       1%          3
 Anguish                  Hex/Necr       45%        N/A       1%          4
 Petrify                  Tmut/Erth      78%        N/A       1%          4
 Blade Hands              Tmut           46%        N/A       1%          5
 Simulacrum               Ice/Necr       64%        N/A       1%          6
 Borgnjor's Revivificati  Necr           60%        N/A       1%          8
 Blink                    Tloc           70%        N/A       2%          2
 Lesser Beckoning         Tloc           70%        N/A       2%          2
 Dazzling Flash           Conj/Hex       100%       N/A       2%          3
 Vhi's Electric Charge    Tloc/Air       100%       N/A       2%          3
 Summon Ice Beast         Ice/Summ       83%        N/A       2%          4
 Airstrike                Air            30%        2d(5-21)  3%          4
 Yara's Violent Unravell  Hex/Tmut       35%        3d14      3%          5
 Call Canine Familiar     Summ           35%        N/A       4%          3
 Confusing Touch          Hex            35%        N/A       4%          3
 Gell's Gravitas          Tloc           35%        N/A       4%          3
 Inner Flame              Hex/Fire       35%        N/A       4%          3
 Summon Guardian Golem    Hex/Summ       35%        N/A       4%          3
 Teleport Other           Tloc           35%        N/A       4%          3
 Tukima's Dance           Hex            35%        N/A       4%          3
 Volatile Blastmotes      Fire/Tloc      70%        2d15      4%          3
 Metabolic Englaciation   Hex/Ice        41%        N/A       6%          5
 Death's Door             Necr           60%        N/A       6%          9
 Animate Armour           Summ/Erth      100%       N/A       8%          4
 Flame Wave               Conj/Fire      50%        2d12      8%          4
 Fulminant Prism          Conj/Hex       25%        3d13      8%          4
 Iskenderun's Mystic Bla  Conj/Tloc      50%        2d11      8%          4
 Sticky Flame             Conj/Fire      50%        2d7       8%          4
 Summon Lightning Spire   Summ/Air       50%        N/A       8%          4
 Statue Form              Tmut/Erth      52%        N/A       8%          6
 Arcjolt                  Conj/Air       30%        1d40      9%          5
 Iskenderun's Battlesphe  Conj           60%        2d11      9%          5
 Haunt                    Necr/Summ      45%        N/A       9%          7
 Cause Fear               Hex            17%        N/A       17%         4
 Manifold Assault         Tloc           35%        N/A       17%         4
 Eringya's Noxious Bog    Tmut/Pois      35%        N/A       19%         6
 Fireball                 Conj/Fire      25%        3d11      21%         5
 Ozocubu's Refrigeration  Ice            52%        4d19      26%         7
 Summon Forest            Summ/Tloc      17%        N/A       43%         5
 Conjure Ball Lightning   Conj/Air       30%        3x3d10    43%         6
 Leda's Unmaking          Conj/Erth      30%        9d5       43%         6
 Starburst                Conj/Fire      25%        6d8       75%         6
 Summon Cactus Giant      Summ           17%        N/A       95%         6
 Orb of Destruction       Conj           30%        9d10      95%         7
 Spellforged Servitor     Conj/Summ      25%        N/A       99%         7
 Maxwell's Capacitive Co  Air            30%        ∞         100%        8
 Polar Vortex             Ice            52%        N/A       100%        9
 Shatter                  Erth           30%        3d25*     100%        9


Dungeon Overview and Level Annotations

Branches:
Dungeon (15/15)            Temple (1/1) D:7            Lair (5/5) D:11
  Swamp (4/4) Lair:2        Snake (4/4) Lair:2        Slime (5/5) Lair:5
    Orc (2/2) D:9             Elf (3/3) Orc:2        Vaults (4/5) D:13
  Crypt (3/3) Vaults:3       Tomb (0/3) Crypt:3      Depths (4/4) D:15
    Zot (0/5) Depths:4    Volcano (visited)         Desolation (visited)

Altars:
Ashenzari
Cheibriados
Dithmenos
Fedhas
Gozag
Kikubaaqudgha
Makhleb
Nemelex Xobeh
Qazlal
Ru
Sif Muna
Vehumet
Wu Jian
Yredelemnul
Jiyva

Shops:
D:10 [   Orc:1 *(   Orc:2 [*(:   Elf:3 [   Snake:2 !   Snake:4 =:=:
Vaults:1 =!=   Depths:1 ?   Depths:4 =

Portals:
Hell: Lair:5 Depths:1 Depths:2 Depths:3 Depths:4
Abyss: Depths:3
Pandemonium: Depths:2
Ziggurat: Depths:4
Trove: Vaults:2 (give 5 potions of resistance)

Annotations:
Snake:4 Roxanne
Slime:5 Royal Jelly


Innate Abilities, Weirdness & Mutations

You have a pair of large horns on your head.
You are surrounded by a strong repulsion field. (EV +4, RMsl)
You frequently emit foul miasma when damaged in melee.
You are powered by pain.
Your magical capacity is low. (-10% MP)


Message History

You climb downwards.
Welcome back to the Elven Halls!
There is a staircase back to the Mines here.
Done exploring.
(D) Dungeon (T) Temple (L) Lair (S) Swamp (P) Snake Pit (M) Slime Pits (O) Orcish Mines (E) Elven Halls (V) Vaults (C) Crypt (W) Tomb (U) Depths (H) Hell (Z) Zot
Where to? (Enter - Elf:1, ? - help)
There is an open door here.
Things that are here:
a +0 scale mail; a +0 short sword You see here a +0 rapier.
There is an open door here.
There is an open door here.
There is a stone staircase leading down here.
You climb downwards.
There is a stone staircase leading up here.
(D) Dungeon (T) Temple (L) Lair (S) Swamp (P) Snake Pit (M) Slime Pits (O) Orcish Mines (E) Elven Halls (V) Vaults (C) Crypt (W) Tomb (U) Depths (H) Hell (Z) Zot
Where to? (Enter - Elf:2, ? - help)
Things that are here:
a +0 chain mail; a +0 short sword
Things that are here:
a +0 ring mail; a +0 dagger
There is an open door here.
There is a stone staircase leading down here.
You climb downwards.
There is a stone staircase leading up here.
You can't go down here!
You can't go down here!
Done exploring.
Done exploring.
Done exploring.
Okay, then.
Unknown command.
Are you sure you want to abandon this character and quit the game? (Confirm with "yes".)
Okay, then.
Are you sure you want to abandon this character and quit the game? (Confirm with "yes".)

##...## #..## #...
##.....#####.## #...
##...........## ###.
#.........###.## ##.
#..............## ##.#
#.........#####.###...
##.......#............
##......#............
##.@(.....#########.
##.......#.......#.
#.....#..#.)#.#..#.
#.....#..#...#...'.
#.....#..#.[.....'.
##...##..#...#...'.
#...###..#..#.#..#.
###...###..#.......#.
#......##..#########.


There were no monsters in sight!

Vanquished Creatures
  Mennas (Vaults:3)
  An ancient lich (Depths:4)
  2 juggernauts (Depths:3)
  Vv (Depths:2)
  Boris (Vaults:3)
  Bai Suzhen (Vaults:4)
  the Lernaean hydra (Swamp:4)
  Xtahua (Vaults:4)
  Vashnia (Snake:4)
  Nikola (Depths:1)
  3 golden dragons
  Jory (Vaults:3)
  A bone dragon (Crypt:1)
  A shard shrike zombie (Crypt:3)
  2 doom hounds (Crypt:1)
  2 tentacled monstrosities (Depths:3)
  Grunn (Crypt:1)
  A walking earthen tome (Depths:3)
  2 deep elf blademasters (Elf:3)
  4 liches
  A titan (Depths:2)
  2 quicksilver dragons (Snake:4)
  2 deep elf master archers (Elf:3)
  The ghost of Philosophunculist the Protected, an adept AtNe of Dithmenos (Vaults:2)
  3 sphinxes
  3 ancient champions
  4 acid blobs
  A shadow dragon (Depths:3)
  9 tengu reavers
  2 thorn hunters (Swamp:2)
  2 azure jellies (Slime:1)
  2 storm dragons (Depths:3)
  A fenstrider witch (Swamp:3)
  The ghost of caveywoolpert the Scorcher, an adept DsEE of Vehumet (Swamp:2)
  5 nagarajas
  3 revenants
  5 fire giants
  A rockslime (Slime:4)
  An iron dragon (Depths:3)
  6 vault wardens
  3 deep elf sorcerers (Elf:3)
  A caustic shrike zombie (Crypt:3)
  A frost giant (Depths:3)
  Louise (Elf:1)
  An imperial myrmidon (Desolation)
  2 reapers
  4 ghouls
  A draconian shifter (Depths:4)
  2 curse skulls (Crypt:2)
  A deep elf elementalist (Elf:3)
  8 ironbound preservers
  A formless jellyfish (Slime:5)
  2 orc warlords
  12 stone giants
  4 spriggan defenders
  The ghost of Ontoju Zobb the Acrobat, an adept FeSu of Gozag (Elf:3)
  5 quicksilver oozes
  An ironbound thunderhulk (Vaults:2)
  7 very ugly things
  A caustic shrike skeleton (Abyss:3)
  2 eleionomae
  A putrid mouth (Crypt:1)
  7 deep elf demonologists
  4 deep elf annihilators (Elf:3)
  5 vampire knights
  A black draconian (Depths:4)
  A halazid warlock (Desolation)
  7 bunyips
  5 spark wasps
  3 dire elephants (Vaults:2)
  A starcursed mass (Abyss:3)
  The ghost of Anon1729 the Protected, a journeyman MiMo of Uskayaw (Orc:2)
  6 eidola
  4 deep elf death magi
  Snorg (D:11)
  The ghost of Rye the Slicer, a journeyman HuFi of the Shining One (D:11)
  2 crystal guardians
  A shambling mangrove (Swamp:4)
  5 jiangshi
  3 ettins
  A merfolk impaler (Depths:2)
  5 ragged hierophants (Desolation)
  3 deep elf high priests
  6 fire dragons
  9 yaktaur captains
  A rakshasa (D:14)
  4 great orbs of eyes
  Harold (D:10)
  6 vault guards
  5 salamander tyrants (Snake:4)
  Erolcha (D:12)
  5 ice dragons
  7 ironbound frosthearts
  6 peacekeepers
  A spriggan skeleton (Crypt:3)
  12 hydras
  2 ogre magi
  A catoblepas (Lair:1)
  3 servants of whispers (Desolation)
  4 spriggan air magi
  A fenstrider witch skeleton (Crypt:3)
  7 two-headed ogres
  A ghost crab (Swamp:3)
  10 centaur warriors
  14 dancing weapons
  9 anacondas
  2 boulder beetles
  6 alligators
  5 deep troll earth magi
  5 deep troll shamans
  2 death yaks (Lair:4)
  18 naga sharpshooters
  6 naga warriors
  5 vampire magi
  7 spriggan berserkers
  5 tengu warriors
  4 orc high priests
  10 shock serpents
  A soul eater (Crypt:1)
  2 hell knights
  The ghost of makewrite the Chucker, a novice TrFi of Trog (D:7)
  10 deep elf knights
  2 large abominations (Abyss:3)
  3 iron trolls
  A sixfirhy (Lair:5)
  3 titan skeletons
  A storm dragon zombie (Crypt:3)
  A salamander mystic (Snake:2)
  2 skysharks (Lair:2)
  33 skeletal warriors
  3 goliath frogs
  A glowing orange brain (Vaults:1)
  4 spriggan druids
  4 flayed ghosts
  37 deep trolls
  7 wizards
  4 sea snakes (Snake:3)
  6 naga ritualists
  5 bog bodies
  6 swamp dragons (Swamp:4)
  4 deep elf archers
  A fenstrider witch simulacrum (Crypt:1)
  7 orc knights
  12 ironbound convokers
  A spriggan rider (Depths:3)
  6 lindwurms
  7 phantasmal warriors
  4 necromancers
  25 deep elf pyromancers
  A harpy (Vaults:2)
  7 orc sorcerers
  14 deep elf zephyrmancers
  8 mana vipers
  6 shining eyes
  8 cyclopes
  30 ugly things
  2 moths of wrath (Swamp:2)
  21 elephants
  9 salamanders
  3 manticores
  2 will-o-the-wisps (Swamp:2)
  35 black mambas
  A fire giant skeleton (Depths:1)
  A guardian serpent (shapeshifter) (D:13)
  A centaur zombie (Crypt:1)
  A smoke demon (Lair:5)
  A black mamba (shapeshifter) (Elf:1)
  2 gargoyles (D:12)
  7 guardian serpents
  8 vault sentinels
  11 naga magi
  A molten gargoyle (Desolation)
  2 eyes of devastation
  2 torpor snails
  A centaur skeleton (Crypt:3)
  A green draconian zombie (Crypt:1)
  7 cane toads
  A death yak zombie (Crypt:3)
  A spriggan zombie (Depths:1)
  An orange demon (Lair:5)
  An unseen horror (D:15)
  A kobold demonologist (D:12)
  5 tengu conjurers
  9 komodo dragons
  17 yaktaurs
  6 rime drakes
  3 freezing wraiths
  An efreet (D:15)
  4 guardian mummies (Crypt:3)
  2 red devils (Lair:5)
  2 ice devils (Lair:5)
  A black draconian skeleton (Crypt:1)
  A hydra zombie (Crypt:1)
  A meliai (D:15)
  4 trolls
  6 tyrant leeches
  A bloated husk (Swamp:1)
  26 saltlings (Desolation)
  4 polar bears
  2 harpy skeletons
  14 hornets
  3 raiju (Abyss:3)
  20 blink frogs
  A snapping turtle (shapeshifter) (D:15)
  5 flying skulls (Crypt:3)
  2 air elementals (Elf:1)
  54 slime creatures
  13 spriggans
  A yak (shapeshifter) (Elf:1)
  An ettin skeleton (Crypt:3)
  2 wyverns
  12 fire bats
  A ynoxinul (Abyss:3)
  4 water elementals
  5 wraiths
  2 fire elementals (Elf:2)
  19 yaks
  2 vampires
  6 basilisks
  Eustachio (D:6)
  4 steam dragons
  A black mamba skeleton (Crypt:2)
  A neqoxec (Abyss:3)
  19 humans (D:13)
  18 vampire mosquitoes
  A two-headed ogre zombie (Crypt:3)
  34 nagas
  16 swamp worms
  5 wargs
  A harpy simulacrum (Crypt:1)
  An acid dragon (D:9)
  7 hell hounds
  9 water moccasins
  45 orc warriors
  6 swamp drakes
  An ettin simulacrum (Crypt:1)
  2 ice beasts (D:6)
  A black mamba simulacrum (Crypt:1)
  A sky beast (D:7)
  A black bear (Lair:3)
  11 centaurs
  31 wolves
  5 ogres
  4 boggarts
  5 kobold brigands
  A phantom (D:6)
  An elf zombie (Crypt:2)
  3 necrophages (Crypt:2)
  Blork the orc (D:6)
  11 bullfrogs
  4 scorpions
  2 earth elementals
  A yaktaur skeleton (Crypt:2)
  2 gnoll sergeants
  9 wights
  A small abomination (Abyss:3)
  The ghost of makewrite the Cudgeller, a weakling AtMo (D:3)
  A warg zombie (Crypt:1)
  37 killer bees (D:8)
  3 howler monkeys
  An electric eel (D:7)
  3 jellies
  6 lava snakes
  4 hounds
  2 gnoll boudas
  29 orc priests
  2 iguanas
  A sleepcap (D:8)
  30 orc wizards
  4 hell rats (Lair:5)
  A boggart simulacrum (D:14)
  A hound skeleton (Crypt:1)
  2 mummies (Crypt:3)
  18 gnolls
  8 adders
  A shadow imp (D:6)
  A steam dragon skeleton (Crypt:3)
  A white imp (Abyss:3)
  An ufetubus (D:7)
  3 worms
  A dart slug (D:1)
  100 orcs
  3 endoplasms
  A giant cockroach (D:4)
  3 goblins
  3 hobgoblins
  4 quokkas
  3 ball pythons
  A ball python zombie (Crypt:3)
  6 bats
  5 frilled lizards
  A goblin zombie (Crypt:2)
  17 kobolds
  3 rats
  A spectral weapon (D:13)
1648 creatures vanquished.

Vanquished Creatures (collateral kills)
  An ancient lich (Crypt:3)
  Josephina (Crypt:1)
  Sojobo (Depths:2)
  Saint Roka (Depths:3)
  2 bone dragons (Crypt:3)
  2 tentacled monstrosities
  A shard shrike skeleton (Crypt:3)
  13 acid blobs
  A sphinx (Vaults:3)
  3 ancient champions
  A tengu reaver (Depths:3)
  2 storm dragons
  4 rockslimes
  7 azure jellies
  3 imperial myrmidons (Desolation)
  3 vault wardens
  3 frost giants (Depths:3)
  4 ghouls
  A juggernaut skeleton (Crypt:3)
  6 ironbound preservers
  8 quicksilver oozes
  2 reapers
  4 very ugly things
  3 formless jellyfish (Slime:5)
  A green draconian (Depths:4)
  An eleionoma (Swamp:4)
  A vampire knight (Depths:3)
  An ironbound thunderhulk (Vaults:2)
  3 stone giants
  A dire elephant (Vaults:2)
  A putrid mouth (Crypt:1)
  A purple draconian (Depths:4)
  A black draconian (Depths:4)
  2 spark wasps
  2 eidola
  A deep elf death mage (Elf:2)
  A mummy priest (Crypt:3)
  A crystal guardian (Desolation)
  A merfolk javelineer (Depths:2)
  A fire dragon (Depths:4)
  4 jiangshi
  A great orb of eyes (Vaults:2)
  A yaktaur captain (Vaults:2)
  A shambling mangrove (Swamp:4)
  A salamander tyrant (Snake:4)
  6 servants of whispers (Desolation)
  2 vault guards
  2 peacekeepers (Desolation)
  A catoblepas (Lair:4)
  7 hydras
  4 ironbound frosthearts
  A spriggan skeleton (Crypt:3)
  A death knight (Crypt:3)
  A ghost crab (Swamp:3)
  An anaconda (Snake:1)
  2 alligators
  6 centaur warriors
  2 deep troll earth magi (Depths:4)
  2 naga warriors (Snake:2)
  12 dancing weapons (Elf:2)
  A tengu warrior (Depths:3)
  3 hell knights (Depths:1)
  2 spriggans (Swamp:3)
  A deep elf knight (Elf:2)
  2 soul eaters
  A skyshark (Lair:5)
  5 iron trolls
  A sea snake (Snake:3)
  30 skeletal warriors
  7 swamp dragons
  A spark wasp zombie (Depths:1)
  22 deep trolls
  A bog body (Swamp:3)
  2 naga ritualists
  A deep elf archer (Elf:2)
  A wizard (D:13)
  An iron giant skeleton (Crypt:3)
  An anaconda skeleton (Crypt:3)
  8 deep elf pyromancers
  3 ironbound convokers
  A phantasmal warrior (Crypt:3)
  An orc knight (Orc:1)
  2 mana vipers
  12 deep elf zephyrmancers
  4 necromancers
  4 lindwurms
  A jorogumo zombie (Crypt:1)
  2 shining eyes
  3 ugly things
  A goliath frog skeleton (Crypt:3)
  An orc sorcerer (Vaults:2)
  A manticore (shapeshifter) (Depths:2)
  A will-o-the-wisp (Swamp:4)
  A shining eye (shapeshifter) (Vaults:3)
  A cyclops (D:15)
  An iron dragon skeleton (Crypt:3)
  A black mamba (Snake:2)
  2 stone giant skeletons
  8 elephants (Lair:5)
  4 vault sentinels
  2 guardian serpents (Desolation)
  2 naga magi
  2 cane toads
  An eye of devastation (Slime:2)
  2 centaur skeletons (Crypt:3)
  A dire elephant skeleton (Crypt:3)
  A sea snake zombie (Crypt:3)
  8 yaktaurs
  An alligator snapping turtle skeleton (Crypt:3)
  2 guardian mummies (Crypt:3)
  A purple draconian skeleton (Crypt:2)
  2 tyrant leeches
  33 saltlings (Desolation)
  3 harpy skeletons (Crypt:3)
  A great orb of eyes zombie (Crypt:2)
  6 hornets
  4 blink frogs
  An ice dragon zombie (Crypt:2)
  43 slime creatures
  An air elemental (Elf:1)
  4 flying skulls (Crypt:3)
  4 yaks (Lair:4)
  A water elemental (Elf:1)
  A fire elemental (Elf:3)
  A wraith (Crypt:1)
  A naga simulacrum (Crypt:2)
  A water nymph zombie (Crypt:3)
  A swamp worm (Swamp:3)
  A cane toad zombie (Crypt:1)
  5 nagas
  2 naga skeletons (Crypt:3)
  A floating eye (Slime:5)
  A floating eye (shapeshifter) (Depths:4)
  5 orc warriors
  2 water moccasins (Lair:5)
  A deep troll skeleton (Crypt:3)
  A swamp drake (Swamp:4)
  3 ogres
  A black mamba simulacrum (Crypt:2)
  An ettin simulacrum (Crypt:2)
  2 necrophages (Crypt:2)
  A hound (D:7)
  4 jellies (Lair:5)
  2 orc priests
  A hell rat (Lair:5)
  4 orc wizards
  An acid dragon skeleton (Crypt:1)
  A mummy (Crypt:3)
  2 gnolls (Orc:1)
  10 orcs
  A bat zombie (Crypt:1)
  3 endoplasms (Lair:5)
  A river rat zombie (Crypt:1)
  A goblin skeleton (Crypt:2)
490 creatures vanquished.

Vanquished Creatures (others)
  A golden dragon (Vaults:3)
  A fenstrider witch (Swamp:3)
  A vault warden (Vaults:3)
  A spriggan berserker (Swamp:3)
  A death drake (Swamp:3)
  2 wizards
  A black mamba (Snake:4)
  A bloated husk (Swamp:3)
  A troll (Depths:3)
  A tyrant leech (Swamp:3)
  An air elemental (Elf:1)
  A black mamba simulacrum (Crypt:1)
  An ettin simulacrum (Crypt:1)
  A swamp dragon simulacrum (Crypt:1)
  10 foxfires
  8 spectral weapons
33 creatures vanquished.

Grand Total: 2171 creatures vanquished

Notes
Turn   | Place    | Note
-------+----------+-------------------------------------------
     0 | D:1      | gruber the Demonspawn Ice Elementalist began the quest for
                  | the Orb.
     0 | D:1      | Reached XP level 1. HP: 13/13 MP: 3/3
   227 | D:1      | Got Estarera's Directory of Macabre Energy
   301 | D:1      | Gained mutation: You sometimes gain a little power by
                  | taking damage. [demonic ancestry]
   301 | D:1      | Reached XP level 2. HP: 12/19 MP: 3/5
  1092 | D:2      | Gained mutation: You are surrounded by a mild repulsion
                  | field. (EV +2) [demonic ancestry]
  1092 | D:2      | Reached XP level 3. HP: 19/24 MP: 4/6
  1096 | D:2      | Learned a level 3 spell: Frozen Ramparts
  1545 | D:3      | Reached skill level 5 in Ice Magic
  1604 | D:3      | Found an ornate altar of the Wu Jian Council.
  1746 | D:3      | Gained mutation: You are surrounded by a moderate repulsion
                  | field. (EV +3) [demonic ancestry]
  1746 | D:3      | Reached XP level 4. HP: 30/30 MP: 7/7
  1851 | D:3      | Identified the +1 leather armour of Xuxuadoo {Regen+}
  2061 | D:3      | Found a runed translucent gate.
  2061 | D:3      | Found a runed translucent gate.
  2063 | D:3      | Found a runed translucent gate.
  2065 | D:3      | Noticed makewrite's ghost (weakling AtMo)
  2161 | D:3      | Found a shimmering blue altar of Sif Muna.
  2377 | D:4      | Identified the +2 war axe "Iptouti" {spect, rC+ Int+5
                  | Dex+3}
  2426 | D:4      | Identified the +1 ring mail of Giynae {MP+9}
  2490 | D:4      | Noticed a scorpion
  2496 | D:4      | Killed a scorpion
  2497 | D:4      | Reached XP level 5. HP: 35/35 MP: 8/8
  2501 | D:4      | Learned a level 3 spell: Ozocubu's Armour
  2659 | D:4      | Identified the +4 rapier "Koptim" {venom, *Noise rF+ Str+3}
  2855 | D:5      | Entered Level 5 of the Dungeon
  2903 | D:5      | Gained mutation: You have a pair of small horns on your
                  | head. [demonic ancestry]
  2903 | D:5      | Reached XP level 6. HP: 39/41 MP: 9/9
  3584 | D:5      | Reached XP level 7. HP: 40/46 MP: 10/10
  3608 | D:5      | Found a snail-covered altar of Cheibriados.
  3643 | D:6      | Found a stormy altar of Qazlal.
  3889 | D:6      | Noticed Eustachio
  3901 | D:6      | Reached skill level 5 in Armour
  3901 | D:6      | Killed Eustachio
  3902 | D:6      | Gained mutation: You may rarely emit foul miasma when
                  | damaged in melee. [demonic ancestry]
  3902 | D:6      | Reached XP level 8. HP: 42/52 MP: 9/11
  4185 | D:6      | Noticed Blork the orc
  4194 | D:6      | Killed Blork the orc
  4465 | D:7      | Found a staircase to the Ecumenical Temple.
  4482 | Temple   | Entered the Ecumenical Temple
  4514 | Temple   | Became a worshipper of Kikubaaqudgha
  4668 | D:7      | Found a runed translucent gate.
  4668 | D:7      | Found an opulent altar of Gozag.
  4669 | D:7      | Found a runed translucent gate.
  4669 | D:7      | Found a runed translucent gate.
  4670 | D:7      | Noticed makewrite's ghost (novice TrFi)
  4670 | D:7      | Noticed a centaur warrior
  4671 | D:7      | Noticed a deep elf pyromancer
  4681 | D:7      | Found a shadowy altar of Dithmenos.
  4978 | D:7      | Reached skill level 5 in Spellcasting
  4978 | D:7      | Gained mutation: You sometimes gain power by taking damage.
                  | [demonic ancestry]
  4978 | D:7      | Reached XP level 9. HP: 57/57 MP: 16/16
  5145 | D:7      | Reached * piety under Kikubaaqudgha
  5145 | D:7      | Received a gift from Kikubaaqudgha
  5149 | D:7      | Learned a level 2 spell: Sublimation of Blood
  5154 | D:7      | Learned a level 4 spell: Dispel Undead
  5320 | D:7      | Reached skill level 2 in Necromancy
  5333 | D:7      | Reached skill level 3 in Necromancy
  5412 | D:7      | Reached skill level 4 in Necromancy
  5595 | D:8      | Reached skill level 5 in Necromancy
  5650 | D:8      | Reached skill level 6 in Necromancy
  5732 | D:8      | Reached skill level 7 in Necromancy
  5798 | D:8      | Reached ** piety under Kikubaaqudgha
  5799 | D:8      | Reached skill level 8 in Necromancy
  5835 | D:8      | Identified the +1 robe of Failure {Harm rF+++ Str-2 Int+3}
  5837 | D:8      | Noticed a troll
  5837 | D:8      | Noticed a troll
  5838 | D:8      | Noticed a troll
  5839 | D:8      | Noticed an elephant
  5868 | D:8      | Reached XP level 10. HP: 15/63 MP: 11/18
  5947 | D:8      | Reached skill level 9 in Necromancy
  6121 | D:8      | Noticed a two-headed ogre
  6320 | D:8      | Found a broken altar of Ashenzari.
  6561 | D:8      | Found a sacrificial altar of Ru.
  6942 | D:9      | Reached skill level 10 in Necromancy
  7309 | D:9      | Reached *** piety under Kikubaaqudgha
  7309 | D:9      | Received a gift from Kikubaaqudgha
  7310 | D:9      | Reached skill level 11 in Necromancy
  7472 | D:9      | Reached skill level 12 in Necromancy
  7516 | D:9      | Found a staircase to the Orcish Mines.
  7702 | D:10     | Entered Level 10 of the Dungeon
  7775 | D:10     | Found Lapeax's Antique Armour Emporium.
  8082 | D:10     | Noticed Harold
  8097 | D:10     | Killed Harold
  8098 | D:10     | Reached XP level 11. HP: 42/68 MP: 19/21
  8337 | D:11     | Noticed Rye's ghost (journeyman HuFi)
  8337 | D:11     | Found a runed translucent door.
  8356 | D:11     | Reached skill level 1 in Fighting
  8482 | D:11     | Found a staircase to the Lair.
  8525 | D:11     | Noticed Snorg
  8540 | D:11     | Killed Snorg
  8628 | D:11     | Learned a level 5 spell: Borgnjor's Vile Clutch
  8635 | D:11     | Learned a level 6 spell: Death Channel
  9308 | D:3      | Killed makewrite's ghost
  9540 | D:11     | Killed Rye's ghost
  9541 | D:11     | Reached skill level 5 in Fighting
  9885 | D:12     | Reached skill level 1 in Earth Magic
 10040 | D:12     | Noticed a deep elf pyromancer
 10046 | D:12     | Reached **** piety under Kikubaaqudgha
 10068 | D:12     | Killed a deep elf pyromancer
 10069 | D:12     | Reached skill level 10 in Armour
 10314 | D:12     | Noticed a six-headed hydra
 10322 | D:12     | Killed a six-headed hydra
 10420 | D:12     | Identified the staff of air "Gigrub" {rElec rF- rC+++ Str+4
                  | Stlth-}
 10422 | D:12     | Got the Tome of Atmospheric Company
 10424 | D:12     | Got Sif Muna's Compendium of Misfortune
 10426 | D:12     | Got the Book of Geomancy and Portals
 10426 | D:12     | Noticed a red ugly thing
 10427 | D:12     | Identified the +2 chain mail of Distant Worlds {rN+ Regen+
                  | rCorr Str+2}
 10433 | D:12     | Killed a red ugly thing
 10436 | D:12     | Identified the staff of air "Okorap" {rElec Str+2}
 10619 | D:12     | Reached XP level 12. HP: 88/88 MP: 16/22
 10964 | D:12     | Noticed a boulder beetle
 11120 | D:12     | Noticed Erolcha
 11132 | D:12     | Killed Erolcha
 11133 | D:12     | Reached skill level 5 in Dodging
 11575 | D:12     | Noticed a two-headed ogre
 11582 | D:12     | Killed a two-headed ogre
 12847 | D:13     | Noticed a vault guard
 12874 | D:13     | Killed a vault guard
 12901 | D:13     | Noticed a vault guard
 13131 | D:13     | Noticed an orc warlord
 13153 | D:13     | Killed an orc warlord
 13329 | D:14     | Noticed a tengu warrior
 13341 | D:14     | Reached skill level 10 in Dodging
 13371 | D:14     | Noticed a centaur warrior
 13373 | D:14     | Killed a tengu warrior
 13374 | D:14     | Gained mutation: You have a pair of horns on your head.
                  | [demonic ancestry]
 13374 | D:14     | Reached XP level 13. HP: 52/94 MP: 12/23
 13385 | D:14     | Reached ***** piety under Kikubaaqudgha
 13849 | D:14     | Found the +0 mask of the Dragon {Will+ Slay+3 SInv}
 14819 | D:15     | Entered Level 15 of the Dungeon
 14850 | D:15     | Learned a level 5 spell: Freezing Cloud
 15028 | D:15     | Reached skill level 1 in Air Magic
 15584 | D:15     | Noticed a stone giant
 15598 | D:15     | Killed a stone giant
 15609 | D:15     | Reached skill level 13 in Necromancy
 15623 | D:15     | Reached XP level 14. HP: 14/105 MP: 1/27
 15635 | D:15     | Reached skill level 14 in Necromancy
 15820 | D:15     | Found a staircase to the Depths.
 16293 | D:13     | Found a gate to the Vaults.
 16787 | D:13     | Reached skill level 15 in Necromancy
 17069 | Lair:1   | Entered Level 1 of the Lair of Beasts
 17708 | Lair:1   | Found a dark tunnel.
 17717 | Volcano  | Entered a volcano
 17757 | Volcano  | Reached ****** piety under Kikubaaqudgha
 17782 | Volcano  | Reached skill level 10 in Spellcasting
 17927 | Volcano  | Found a burning altar of Makhleb.
 18054 | Volcano  | Found a bloodstained altar of Trog.
 18628 | Lair:2   | Found a staircase to the Swamp.
 18847 | Lair:2   | Found a staircase to the Snake Pit.
 19942 | Lair:3   | Identified a scroll of acquirement
 19954 | Lair:3   | Acquired the -1 cloak of Jubaas {Int+4}
 19994 | Lair:3   | Reached skill level 10 in Fighting
 20456 | Lair:4   | Reached XP level 15. HP: 117/117 MP: 14/30
 20904 | Lair:4   | Identified the +4 trident of Reapportionment {protect,
                  | rPois rN+ Will+ Str-2}
 21648 | Lair:5   | Entered Level 5 of the Lair of Beasts
 21875 | Lair:5   | Found a viscous altar of Jiyva.
 21875 | Lair:5   | Found a staircase to the Slime Pits.
 22515 | Lair:5   | Received a gift from Kikubaaqudgha
 22864 | Lair:5   | Reached skill level 16 in Necromancy
 23360 | Lair:5   | Found a burning altar of Makhleb.
 23519 | Lair:5   | Found a gateway to Hell.
 23903 | Orc:1    | Entered Level 1 of the Orcish Mines
 24045 | Orc:1    | Found Gycujuh's Weapon Boutique.
 24056 | Orc:1    | Reached skill level 17 in Necromancy
 24355 | Orc:1    | Found a transporter.
 24382 | Orc:1    | Found a transporter.
 24382 | Orc:1    | Found Miwkue's General Store.
 24391 | Orc:2    | Entered Level 2 of the Orcish Mines
 24391 | Orc:2    | Found a staircase to the Elven Halls.
 24526 | Orc:2    | Found a runed translucent gate.
 24527 | Orc:2    | Found a runed translucent gate.
 24527 | Orc:2    | Found a runed translucent gate.
 24529 | Orc:2    | Noticed Anon1729's ghost (journeyman MiMo)
 24789 | Orc:2    | Reached XP level 16. HP: 130/130 MP: 13/31
 25463 | Orc:2    | Found Buri Pud's Antique Armour Emporium.
 25464 | Orc:2    | Found Unniasy's Antique Weapon Emporium.
 25466 | Orc:2    | Found Agaohi's General Store.
 25466 | Orc:2    | Found Puyk's Book Shoppe.
 25473 | Orc:2    | Bought a faintly glowing mace for 208 gold pieces
 25473 | Orc:2    | Identified the +9 mace "Mutig" {drain, rElec rF+ rC-
                  | Will++} (You bought it in a shop on level 2 of the Orcish
                  | Mines)
 25498 | Orc:2    | Reached skill level 18 in Necromancy
 25884 | Snake:1  | Entered Level 1 of the Snake Pit
 26173 | Snake:1  | Reached skill level 1 in Conjurations
 26318 | Snake:1  | Found a burning altar of Makhleb.
 26838 | Snake:1  | Identified the +0 ring mail of Negation {Int+4}
 27433 | Snake:2  | Reached skill level 1 in Shields
 28025 | Snake:2  | Found Tegemes's Distillery.
 28164 | Snake:2  | Found a shimmering blue altar of Sif Muna.
 28269 | Snake:2  | Found a runed translucent door.
 28480 | Snake:2  | Reached skill level 5 in Shields
 28656 | Snake:2  | Identified the staff of conjuration "Doibbail" {Drain rCorr
                  | Dex+2}
 29929 | Snake:3  | Reached skill level 19 in Necromancy
 30174 | Snake:3  | Learned a level 8 spell: Infestation
 30426 | Snake:4  | Entered Level 4 of the Snake Pit
 30935 | Snake:4  | Identified Roxanne's Directory of Reconstruction
 30935 | Snake:4  | Noticed Roxanne
 31248 | Snake:4  | Reached XP level 17. HP: 130/135 MP: 10/32
 31250 | Snake:4  | Reached skill level 20 in Necromancy
 31499 | Snake:4  | Found Jinabri's Book Shoppe.
 31718 | Snake:4  | Found Taiss's Jewellery Shoppe.
 31718 | Snake:4  | Found Emerulaw's Book Boutique.
 31719 | Snake:4  | Found Woly's Jewellery Shoppe.
 31726 | Snake:4  | Bought the amulet "Matyec" {Acrobat Str+2 Dex+3 Stlth-} for
                  | 829 gold pieces
 31737 | Snake:4  | Bought a manual of Fighting for 1200 gold pieces
 32459 | Snake:4  | Reached skill level 15 in Fighting
 32725 | Snake:4  | Noticed Vashnia
 32733 | Snake:4  | Killed Vashnia
 32749 | Snake:4  | Noticed a quicksilver dragon
 32752 | Snake:4  | Noticed a quicksilver dragon
 32756 | Snake:4  | Killed a quicksilver dragon
 32760 | Snake:4  | Killed a quicksilver dragon
 32911 | Snake:4  | Got a serpentine rune of Zot
 33552 | Swamp:1  | Entered Level 1 of the Swamp
 34975 | Swamp:2  | Found a runed translucent door.
 35055 | Swamp:2  | Noticed caveywoolpert's ghost (adept DsEE)
 35828 | Swamp:2  | Killed caveywoolpert's ghost
 35946 | Swamp:3  | Gained mutation: You have a pair of large horns on your
                  | head. [demonic ancestry]
 35946 | Swamp:3  | Reached XP level 18. HP: 35/158 MP: 12/34
 37422 | Swamp:4  | Entered Level 4 of the Swamp
 37859 | Swamp:4  | Reached skill level 21 in Necromancy
 38666 | Swamp:4  | Noticed the 27-headed Lernaean hydra
 38683 | Swamp:4  | Killed the 27-headed Lernaean hydra
 39073 | Swamp:4  | Reached skill level 22 in Necromancy
 39118 | Swamp:4  | Got a decaying rune of Zot
 39434 | Depths:1 | Entered Level 1 of the Depths
 39486 | Depths:1 | Found Looxotem's Magic Scroll Shoppe.
 40040 | Depths:1 | Noticed Nikola
 40050 | Depths:1 | Killed Nikola
 40695 | Depths:1 | Found a stormy altar of Qazlal.
 40945 | Vaults:1 | Entered Level 1 of the Vaults
 41242 | Vaults:1 | Found Suchec's Distillery.
 41314 | Vaults:1 | Gained mutation: You are powered by pain. [demonic
                  | ancestry]
 41314 | Vaults:1 | Reached XP level 19. HP: 164/164 MP: 22/37
 41328 | Vaults:1 | Found a crumbling gateway.
 41347 | Desolati | Entered the Desolation of Salt
 41444 | Desolati | Identified the +1 trident of Equilibrium {pain, *Rage Int+7
                  | Dex-5 SInv}
 41447 | Desolati | Reached skill level 15 in Spellcasting
 41770 | Desolati | Identified the +2 ring mail "Fisag" {rF+ MP+9 Str-3}
 41775 | Desolati | Identified the +3 plate armour of Leaves {Str+5 Int+3 SInv}
 41781 | Desolati | Identified the ring of Seeren {rF+ Str+3 Dex+3 Slay+4}
 41963 | Desolati | Identified the ring of Totop {rF+ Will+ Int+2 Dex+3 SInv}
 42059 | Desolati | Identified the +6 quarterstaff "Imikhlos" {antimagic, rElec
                  | Int+3}
 42078 | Desolati | Identified the staff of death "Feing" {rN+ Dex+7 SInv}
 42681 | Desolati | Got the Tome of the Commander and Spelunking
 42682 | Desolati | Identified the amulet of Compulsion {Reflect rC++ SH+5}
 42946 | Desolati | Identified the +2 chain mail of Darkness {rF+ rCorr Int+3}
 42949 | Desolati | Got Nost's Anthology of Cloudy Putrescence
 43026 | Vaults:1 | Reached skill level 1 in Staves
 43525 | Vaults:1 | Found Caeptehu's Jewellery Shop.
 43900 | Vaults:1 | Found Ydorual's Jewellery Shop.
 44143 | Vaults:1 | Reached skill level 5 in Staves
 44905 | Vaults:2 | Learned a level 8 spell: Necromutation
 44921 | Vaults:2 | Paralysed by a great orb of eyes for 5 turns
 45192 | Vaults:2 | Found a portal to a secret trove of treasure.
 45277 | Abyss:3  | Cast into level 3 of the Abyss (a wizard)
 45305 | Abyss:3  | Found a corrupted altar of Lugonu.
 45371 | Abyss:3  | Gained mutation: Your magical capacity is low. (-10% MP) [a
                  | neqoxec]
 45628 | Abyss:3  | Noticed a hellephant
 45720 | Abyss:3  | Found a corrupted altar of Lugonu.
 45761 | Abyss:3  | Reached skill level 1 in Transmutations
 45779 | Abyss:3  | Gained mutation: You are surrounded by a strong repulsion
                  | field. (EV +4, RMsl) [demonic ancestry]
 45779 | Abyss:3  | Reached XP level 20. HP: 172/172 MP: 15/36
 45783 | Vaults:2 | Escaped the Abyss
 46373 | Vaults:2 | Reached skill level 5 in Transmutations
 46950 | Vaults:2 | Found a runed translucent door.
 46950 | Vaults:2 | Noticed Philosophunculist's ghost (adept AtNe)
 47451 | Vaults:2 | Killed Philosophunculist's ghost
 47453 | Vaults:2 | Identified the +4 shortbow of Flawed Execution {heavy,
                  | Drain Will+ Str+7}
 47631 | Vaults:3 | Identified the -2 tower shield of the Harvest Moon {Rampage
                  | rC+}
 47631 | Vaults:3 | Noticed Mennas
 47944 | Depths:2 | Found a runed translucent door.
 47999 | Depths:2 | Found a runed translucent door.
 48238 | Depths:2 | Found a runed translucent door.
 48239 | Depths:2 | Found a runed translucent door.
 48310 | Depths:2 | Got the Monograph on Flesh
 48327 | Depths:2 | Identified the +0 cloak of Feutzues {Int+2}
 48619 | Depths:2 | Noticed Sojobo
 48622 | Depths:2 | Paralysed by an air elemental for 1 turns
 48627 | Depths:2 | Paralysed by an air elemental for 1 turns
 48630 | Depths:2 | HP: 8/172 [Sojobo/the air (28)]
 48633 | Depths:2 | Killed Sojobo
 48867 | Depths:2 | Found a one-way gate leading to the halls of Pandemonium.
 49267 | Depths:2 | Noticed Vv
 49304 | Depths:2 | HP: 2/172 [Vv (15)]
 49438 | Depths:1 | Upgraded the game from 0.31-a0-8-gd14b0f4ee2 to
                  | 0.31-a0-16-g6d2539766c
 49829 | Depths:2 | Killed Vv
 50319 | Depths:3 | Noticed a golden dragon
 50596 | Elf:1    | Entered Level 1 of the Elven Halls
 50855 | Elf:1    | Noticed Louise
 50866 | Elf:1    | Killed Louise
 51175 | Elf:1    | Found a flickering gateway to a bazaar.
 51189 | Bazaar   | Entered a bazaar
 51212 | Bazaar   | Found Mastan's Assorted Antiques.
 51241 | Bazaar   | Found Zeshreq's Book Emporium.
 51241 | Bazaar   | Found Vunk's Distillery.
 51263 | Bazaar   | Found Umnos's Book Emporium.
 51346 | Bazaar   | Bought a potion of curing for 27 gold pieces
 51346 | Bazaar   | Bought a potion of heal wounds for 45 gold pieces
 51346 | Bazaar   | Bought a potion of magic for 72 gold pieces
 51346 | Bazaar   | Bought a potion of haste for 90 gold pieces
 51346 | Bazaar   | Bought a potion of cancellation for 72 gold pieces
 51360 | Bazaar   | Bought a book of Ice for 850 gold pieces
 52180 | Elf:2    | Found a huge runed translucent gate.
 52180 | Elf:2    | Found a huge runed translucent gate.
 52180 | Elf:2    | Found a huge runed translucent gate.
 52182 | Elf:2    | Found a huge runed translucent gate.
 52183 | Elf:2    | Found a huge runed translucent gate.
 52296 | Elf:2    | Reached XP level 21. HP: 148/178 MP: 15/38
 53507 | Elf:2    | Reached skill level 10 in Transmutations
 53840 | Elf:3    | Entered Level 3 of the Elven Halls
 53847 | Elf:3    | Found Koadui Catod's Antique Armour Emporium.
 53963 | Elf:3    | Found a runed translucent gate.
 53963 | Elf:3    | Found a runed translucent gate.
 53963 | Elf:3    | Found a runed translucent gate.
 53964 | Elf:3    | Noticed Ontoju Zobb's ghost (adept FeSu)
 54927 | Elf:3    | Identified the ring of Wiciv {rF- rC+ Int+5 SInv Stlth+}
 55088 | Elf:3    | Identified the +7 rapier of Valour {freeze, *Corrode rElec
                  | rPois Dex+4}
 55088 | Elf:3    | Identified the amulet of Vekhidio {Reflect rF+ Dex+6 SH+5}
 55405 | Elf:3    | Identified the staff of cold "Ebe Paqo" {rPois rC+ rN+
                  | Int+5}
 55458 | Elf:3    | Identified the +3 glaive of Resonant Gallantry {distort,
                  | rCorr Int+3 Dex+7}
 55500 | Elf:3    | Identified the +4 shortbow of Exoneration {freeze, +Blink
                  | rF+ rN+}
 55668 | Elf:3    | Killed Ontoju Zobb's ghost
 55765 | Elf:3    | Acquired the scarf of the Moon {repulsion, rC+ rN+ Str+5}
 55766 | Elf:3    | Acquired 788 gold pieces
 55948 | Orc:2    | Killed Anon1729's ghost
 56105 | D:7      | Killed makewrite's ghost
 56831 | Depths:2 | Killed a golden dragon
 57200 | Depths:3 | Noticed Saint Roka
 57209 | Depths:3 | Killed Saint Roka
 57319 | Depths:3 | Paralysed by a vampire knight for 2 turns
 57737 | Depths:3 | Found a one-way gate to the infinite horrors of the Abyss.
 58474 | Depths:3 | Noticed a golden dragon
 58483 | Depths:3 | Killed a golden dragon
 58484 | Depths:3 | Reached skill level 23 in Necromancy
 58748 | Depths:3 | Noticed a golden dragon
 58759 | Depths:3 | Killed a golden dragon
 58780 | Depths:3 | Gained mutation: You sometimes emit foul miasma when
                  | damaged in melee. [demonic ancestry]
 58780 | Depths:3 | Reached XP level 22. HP: 107/185 MP: 0/39
 58946 | Depths:3 | Noticed a juggernaut
 58957 | Depths:3 | Killed a juggernaut
 59103 | Depths:3 | Noticed a juggernaut
 59116 | Depths:3 | Killed a juggernaut
 59396 | Depths:4 | Entered Level 4 of the Depths
 59600 | Depths:4 | Found a one-way gateway to a ziggurat.
 59600 | Depths:4 | Noticed an ancient lich
 60168 | Depths:4 | Reached skill level 24 in Necromancy
 60169 | Depths:4 | Killed an ancient lich
 60746 | Depths:4 | Found a gate to the Realm of Zot.
 60772 | Depths:4 | Found Sezxim's Jewellery Shoppe.
 61436 | D:10     | Bought a distressingly furry scale mail for 270 gold pieces
 61436 | D:10     | Identified the +0 scale mail of Kaigg {Dex+3 Slay-3} (You
                  | bought it in a shop on level 10 of the Dungeon)
 61774 | Vaults:3 | Reached skill level 25 in Necromancy
 62201 | Vaults:3 | Noticed a golden dragon
 62208 | Vaults:3 | Killed Mennas
 62937 | Vaults:3 | Noticed Boris
 62941 | Vaults:3 | Killed Boris
 63003 | Vaults:3 | Noticed Jory
 63009 | Vaults:3 | Killed Jory
 63314 | Vaults:3 | Found a staircase to the Crypt.
 63314 | Vaults:3 | Found an ancient bone altar of Kikubaaqudgha.
 63315 | Vaults:3 | Found a basalt altar of Yredelemnul.
 64396 | Vaults:4 | Noticed Xtahua
 64404 | Vaults:4 | Killed Xtahua
 65130 | Vaults:4 | Noticed Bai Suzhen
 65145 | Vaults:4 | Killed Bai Suzhen
 65146 | Vaults:4 | Gained mutation: You frequently emit foul miasma when
                  | damaged in melee. [demonic ancestry]
 65146 | Vaults:4 | Reached XP level 23. HP: 145/192 MP: 14/41
 66036 | Crypt:1  | Entered Level 1 of the Crypt
 66302 | Crypt:1  | Identified the ring of Rifil {Ice rN+++ Will- Dex+6}
 66302 | Crypt:1  | Noticed Josephina
 66322 | Crypt:1  | Killed Josephina
 66323 | Crypt:1  | Reached skill level 10 in Shields
 66830 | Crypt:1  | Noticed Grunn
 66866 | Crypt:1  | Killed Grunn
 68551 | Crypt:2  | Identified the +8 chain mail of the Four Thieving Suns
                  | {rCorr}
 68766 | Crypt:3  | Entered Level 3 of the Crypt
 69788 | Crypt:3  | Found a basalt altar of Yredelemnul.
 69806 | Crypt:3  | Noticed an ancient lich
 69814 | Crypt:3  | Killed an ancient lich
 69815 | Crypt:3  | Reached skill level 15 in Shields
 69815 | Crypt:3  | Reached XP level 24. HP: 199/199 MP: 9/41
 69946 | Crypt:3  | Identified the ring of Rypreith {Contam rF+ Int+2 Dex+6
                  | Stlth+}
 69967 | Crypt:3  | Identified the +3 flail of the Growing Whale {flame, Dex+3}
 70813 | Crypt:3  | Found a staircase to the Tomb.
 71764 | Slime:1  | Entered Level 1 of the Pits of Slime
 72966 | Slime:3  | Upgraded the game from 0.31-a0-16-g6d2539766c to
                  | 0.31-a0-18-gea43df2a32
 74333 | Slime:4  | Upgraded the game from 0.31-a0-18-gea43df2a32 to
                  | 0.31-a0-152-g6aa68a64a1
 74382 | Slime:5  | Entered Level 5 of the Pits of Slime
 74703 | Slime:5  | Noticed the Royal Jelly
 75725 | Elf:3    | Quit the game

Illustrated notes

Levels and vault maps discovered:
D:1:      minmay_arrival_floating_metal, layout_basic, nrook_uturn,
          hangedman_decor_clover_reticule
D:2:      layout_basic
D:3:      layout_rooms, kennysheep_orc_sif_temple, nzn_wu_jian_contemplation,
          ebering_ghost_rock_garden, minivault_27
D:4:      layout_cave_pools, mainiacjoe_overflow_24_doors,
          chequers_serial_rivers_micro_b, nicolae_elevator_lobby_plus
D:5:      layout_basic, marbit_many_paths
D:6:      layout_cave_pools, amcnicky_altar_gilded, serial_bayou_pond_a,
          uniq_eustachio, uniq_blork_the_orc
D:7:      layout_loops_ring, nicolae_dithmenos_shadow_blocks,
          minmay_temple_entry_crystal_x, ebering_ghost_gozag, lightli_minifort
D:8:      wad_woods_minihive, layout_basic, lemuel_doored_altar,
          evilmike_ruin_ashenzari
D:9:      layout_rooms, david_orc_5, kennysheep_generic_room_15
D:10:     layout_basic, mainiacjoe_overflow_alcove_2, serial_shops, shop,
          uniq_harold
D:11:     layout_irregular_city, lair_entry_dummy,
          hellmonk_ghost_happy_afterlife, uniq_snorg
D:12:     minmay_the_grid_octo_2x2 [minmay_the_grid_octo_odd_swirl,
          minmay_the_grid_octo_clover, minmay_the_grid_octo_checkered,
          minmay_the_grid_octo_prize_ultimate_mussel_roller], layout_basic,
          minivault_27, minmay_holes, uniq_erolcha
D:13:     orc_temple, layout_layer_cave, grunt_vaults_entry_tiered
D:14:     layout_basic, nicolae_water_bricks
D:15:     grunt_enter_depths_giant_problem, layout_irregular_city,
          hangedman_decor_push, chequers_serial_rivers_small_b,
          minmay_mirror_moons_of_madness
Temple:   oiseaux_autumnal_temple
Lair:1:   layout_roguey, nicolae_volcano_entry_batcave
Lair:2:   layout_gridlike, skrybe_swamp_entry_bodies,
          guppyfry_snake_entry_island
Lair:3:   layout_cave_pods, beast_lair_carwin_4
Lair:4:   layout_cave_pods, grunt_megastairs_4
Lair:5:   evil_forest, layout_small_grid, nicolae_slime_entry_slimehenge
Swamp:1:  layout_basic_swamp, evilmike_swamp_ruin_house_5, swamp_pool3
Swamp:2:  layout_falls_marsh, ebering_ghost_inner_flame,
          nicolae_swamp_ascending_descending, swamp_pool4, worms_lemuel,
          infiniplex_staircase_pool
Swamp:3:  layout_basic_swamp, serial_swamp_ruin, evilmike_swamp_ruin_house_6,
          evilmike_swamp_ruin_house_2, swamp_pool1, infiniplex_staircase_pool_2
Swamp:4:  swamp_old_school, layout_basic_swamp, swamp_pool1
Snake:1:  layout_misc_corridors, basic_altar
Snake:2:  nicolae_snake_attic_fulla_snakes, layout_gridlike, serial_shops, shop,
          basic_altar, lightli_airlock
Snake:3:  layout_cave_shapes, nicolae_triple_integral, serial_bayou_shore_a
Snake:4:  hellmonk_snake_rune_quicksilver_temple, layout_rooms, serial_shops,
          shop, minmay_shop_grove, uniq_roxanne, uniq_vashnia
Slime:1:  layout_caves
Slime:2:  layout_caves
Slime:3:  layout_caves, cheibrodos_slime_lost_civilization_7
Slime:4:  layout_caves
Slime:5
Orc:1:    layout_caves, serial_shops, nicolae_shop_drivethru,
          guppyfry_orc_lava_fort
Orc:2:    st_orc_congregation, layout_caves, ebering_ghost_rock_garden
Elf:1:    eino_elf_arrival_customs, layout_onion_city, serial_shops,
          freezing_bzr, minmay_elf_demonology, uniq_louise
Elf:2:    elven_hall_of_blades_hangedman_alternative
          [nicolae_blade_entry_floor_patterns], layout_gridlike,
          minmay_strange_pillars, corner_web_ring
Elf:3:    elf_hall_gauntlet_narrow, layout_loops_ring, serial_shops,
          nicolae_shop_rolling_square, gammafunk_ghost_split
Vaults:1: portal_desolation_entry_garden, vaults_room_boxed, v_misc_3,
          v_rooms_4, vaults_dpeg_hooks, nicolae_vaults_diamond_2,
          ontoclasm_vaults_chip, nicolae_vaults_double_plus_1,
          layout_vaults_chaotic_city, serial_shops,
          nicolae_shop_tiny_waterfront, nicolae_lakefront_shop, shop
Vaults:2: gammafunk_ghost_grave, nicolae_vaults_tetromino_T_1,
          nicolae_vaults_network_periphery,
          nicolae_vaults_doubleplus_tesselated,
          nicolae_vaults_offset_grid_hallway_4,
          nicolae_vaults_storage_closets_3, hangedman_vaults_slither,
          nicolae_vaults_six-pack, nicolae_vaults_little_squares_5,
          ontoclasm_vaults_chip, nicolae_vaults_tetromino_Z_1,
          nicolae_vaults_security_offices_4, layout_vaults_maze_bifur,
          enter_trove_3
Vaults:3: nicolae_vaults_closet_pinwheel_2, ontoclasm_vaults_decontamination,
          nicolae_vaults_network_square, st_more_cells,
          ontoclasm_vaults_shuriken, minmay_crypt_entry_necro_gods, v_rooms_5,
          ontoclasm_vaults_fault, vaults_room_hallway, v_misc_23,
          nicolae_vaults_inception_scallops, nicolae_vaults_closet_pinwheel_2,
          layout_vaults_ring, uniq_mennas, uniq_boris, uniq_jory
Vaults:4: ontoclasm_vaults_misaligned, st_lines, vaults_room_octagon,
          vaults_room_door_hall, nicolae_vaults_house_2, v_misc_26,
          nicolae_vaults_diamond_2, nicolae_vaults_house_3,
          nicolae_vaults_three_branches, layout_vaults_omnigrid,
          uniq_bai_suzhen, uniq_xtahua
Crypt:1:  layout_misc_corridors, grunt_ministairs_12, uniq_grunn, uniq_josephina
Crypt:2:  layout_gridlike
Crypt:3:  church_of_pain_bobbens, layout_chaotic_city, tomb_entry_sphere_bobbens
Depths:1: layout_gridlike, grunt_qazlal_clouds, hell_entry, serial_shops, shop,
          hangedman_abyss_or_decor_stagger, tso_oasis_becter,
          grunt_megastairs_5, uniq_nikola
Depths:2: impenetrable_vault, layout_gridlike, pan_entry, skrybe_limestone_x,
          hell_entry, firewood_loft, kennysheep_random_hallway, uniq_sojobo,
          uniq_vv
Depths:3: cell_vault, layout_cave_pools, glass_columns_a, hell_entry,
          abyss_entry, minmay_hollow_rounded_squares, uniq_saint_roka
Depths:4: evilmike_zot_entry_basic, layout_small_grid, enter_ziggurat_d,
          serial_shops, shop, hell_entry, chequers_serial_rivers_large_b

Skill      XL: |  1  2  3  4  5  6  7  8  9 10 11 12 13 14 15 16 17 18 19 20 21 22 23 24 |
---------------+-------------------------------------------------------------------------+-----
Ice Magic      | 4 5 6 7 8 9 |  9.8
Armour         | 6 9 12 13 | 13.0
Spellcasting   | 5 7 9 11 12 14 16 18 19 | 19.3
Necromancy     | 8 12 13 15 17 19 20 22 23 25 | 25.0
Fighting       | 6 8 10 13 18 | 18.4
Earth Magic    | 4 |  4.0
Dodging        | 2 10 13 | 13.0
Air Magic      | 4 |  4.1
Conjurations   | 4 |  4.1
Shields        | 5 8 15 | 15.0
Staves         | 8 |  8.0
Transmutations | 2 9 13 | 13.0
Stealth        | |  1.7

Action                     |  1- 3 |  4- 6 |  7- 9 | 10-12 | 13-15 | 16-18 | 19-21 | 22-24 || total
---------------------------+-------+-------+-------+-------+-------+-------+-------+-------++-------
  Melee: Unarmed           |     9 |       |       |       |       |       |       |       ||     9
         Dagger            |    22 |    12 |       |       |       |       |       |       ||    34
         War axe           |       |    23 |   126 |   270 |   521 |   270 |    82 |       ||  1292
         Headbutt          |       |     1 |    29 |    65 |   174 |    95 |   155 |   178 ||   697
         Punch             |       |       |     1 |     6 |    18 |     1 |       |       ||    26
         Staff             |       |       |       |       |       |       |   352 |   371 ||   723
   Cast: Freeze            |    41 |    17 |    29 |    30 |     6 |     2 |     1 |    12 ||   138
         Frozen Ramparts   |     4 |     8 |    23 |    62 |    82 |    75 |    54 |    16 ||   324
         Ozocubu's Armour  |       |     1 |    18 |    46 |    46 |    45 |    34 |    18 ||   208
         Dispel Undead     |       |       |       |    14 |     9 |    18 |    13 |   143 ||   197
         Borgnjor's Vile C |       |       |       |    19 |    78 |   160 |   226 |   156 ||   639
         Death Channel     |       |       |       |     2 |    21 |    33 |    35 |     7 ||    98
         Freezing Cloud    |       |       |       |       |    30 |   139 |   121 |    95 ||   385
         Infestation       |       |       |       |       |       |     8 |    56 |    99 ||   163
         Sublimation of Bl |       |       |       |       |       |       |    21 |    29 ||    50
         Necromutation     |       |       |       |       |       |       |       |     8 ||     8
 Invoke: Receive Forbidden |       |       |       |       |     1 |       |       |       ||     1
         Unearth Wretches  |       |       |       |       |       |     1 |     1 |     1 ||     3
  Evoke: Wand              |       |       |     1 |       |     5 |       |     4 |     6 ||    16
    Use: Potion            |       |       |     2 |       |     2 |       |     4 |     2 ||    10
         Scroll            |       |       |       |       |    25 |     5 |     3 |     4 ||    37
   Stab: Sleeping          |     1 |       |     2 |     2 |     3 |       |     1 |     4 ||    13
         Distracted        |       |       |       |     3 |    11 |     3 |     6 |     9 ||    32
         Petrified         |       |       |       |       |     3 |       |       |       ||     3
         Petrifying        |       |       |       |       |     1 |       |       |       ||     1
         Paralysed         |       |       |       |       |       |     2 |       |       ||     2
         Invisible         |       |       |       |       |       |       |     1 |       ||     1
 Armour: Robe              |    13 |     1 |       |       |       |       |       |       ||    14
         Leather armour    |       |    17 |    77 |   170 |   304 |    78 |       |       ||   646
         Troll leather arm |       |       |       |       |       |    55 |   149 |   138 ||   342
  Dodge: Dodged            |    30 |    49 |   193 |   309 |   816 |   494 |   481 |   466 ||  2838
         Repelled          |       |       |       |       |       |       |    15 |    14 ||    29
  Block: Buckler           |       |       |       |       |       |   138 |   262 |   189 ||   589
         Reflection        |       |       |       |       |       |       |    15 |    18 ||    33
         Kite shield       |       |       |       |       |       |       |       |   453 ||   453

Table legend: (Time is in decaauts)
 A = Elapsed time spent in this place.
 B = Non-inter-level travel time spent in this place.
 C = Inter-level travel time spent in this place.
 D = Time resting spent in this place.
 E = Time spent auto-exploring this place.
 F = Levels seen in this place.
 G = Mean time per level.
                   A        B        C        D        E       F      G
               +--------+--------+--------+--------+--------+-----+--------+
         Total |  76879 |  70318 |   6561 |   2056 |  55427 |  54 | 1423.7 |
       Dungeon |  19381 |  16524 |   2857 |    211 |  13168 |  15 | 1292.1 |
        Temple |     60 |     32 |     28 |      0 |     21 |   1 |   60.0 |
          Lair |   6940 |   6301 |    639 |     11 |   4966 |   5 | 1388.0 |
         Swamp |   6094 |   5938 |    156 |    177 |   4958 |   4 | 1523.5 |
     Snake Pit |   7622 |   7334 |    288 |     17 |   6160 |   4 | 1905.5 |
    Slime Pits |   3332 |   3078 |    254 |    405 |   2102 |   5 |  666.4 |
  Orcish Mines |   1955 |   1812 |    143 |    118 |   1208 |   2 |  977.5 |
   Elven Halls |   5215 |   4905 |    310 |     37 |   3880 |   3 | 1738.3 |
        Vaults |   9191 |   8357 |    834 |    279 |   6911 |   4 | 2297.8 |
         Crypt |   5411 |   5270 |    141 |    161 |   4079 |   3 | 1803.7 |
        Depths |   8809 |   7902 |    907 |    640 |   6060 |   4 | 2202.2 |
         Abyss |    501 |    501 |      0 |      0 |    340 |   1 |  501.0 |
        Bazaar |    193 |    193 |      0 |      0 |     96 |   1 |  193.0 |
       Volcano |    456 |    456 |      0 |      0 |    251 |   1 |  456.0 |
    Desolation |   1714 |   1714 |      0 |      0 |   1224 |   1 | 1714.0 |
               +--------+--------+--------+--------+--------+-----+--------+

Top non-repeatable levels by time:
Depths:3: 2933 daAuts
 Snake:4: 2827 daAuts
    D:13: 2767 daAuts
Vaults:2: 2620 daAuts
 Crypt:3: 2580 daAuts
Vaults:3: 2554 daAuts
    D:12: 2527 daAuts
Depths:2: 2514 daAuts
  Lair:5: 2261 daAuts
Vaults:1: 2201 daAuts
Depths:1: 2058 daAuts
 Snake:3: 2013 daAuts
   Elf:2: 1962 daAuts
 Swamp:4: 1950 daAuts
   Elf:3: 1947 daAuts
